 Dungeon Crawl Stone Soup version 0.29.0-4-gdea44cf6ec (webtiles) character file.

Game seed: 5982105638224538204

29 qw the Chopper (level 3, 0/21 HPs)
             Began as a Tengu Warper on Aug 28, 2022.
             Succumbed to their own poison gas
             ... on level 1 of the Dungeon.
             The game lasted 00:00:06 (729 turns).

qw the Chopper (Tengu Warper)                        Turns: 729, Time: 00:00:07

Health: 0/21       AC:  8    Str: 13    XL:     3   Next: 16%
Magic:  7/7        EV:  6    Int: 13    God:
Gold:   42         SH:  0    Dex: 13    Spells: 6/6 levels left

rFire   . . .      SeeInvis .   Y - +0 hand axe
rCold   . . .      Faith    .   (no shield)
rNeg    . . .      Spirit   .   d - +0 chain mail
rPois   .          Reflect  .   (helmet restricted)
rElec   .          Harm     .   (no cloak)
rCorr   .          Rampage  .   (no gloves)
Will    .....                   (boots unavailable)
Stlth   ..........              (no amulet)
HPRegen 0.07/turn               (no ring)
MPRegen 0.10/turn               (no ring)

@: lethally poisoned (0 -> -2)
A: beak, talons 3
a: no special abilities


You were on level 1 of the Dungeon.
You visited 1 branch of the dungeon, and saw 1 of its levels.

You collected 42 gold pieces.


Innate Abilities, Weirdness & Mutations

You have a beak for a mouth.
You have claws for feet.


   Skills:
 - Level 2.0 Fighting
 + Level 3.9 Axes
 - Level 1.0 Throwing
 - Level 1.1 Armour
 - Level 2.1 Dodging
 - Level 2.0 Spellcasting
 - Level 2.4 Translocations


You had 6 spell levels left.
You didn't know any spells.
Your spell library contained the following spells:

 Spells                   Type           Power      Damage    Failure   Level
 Blink                    Tloc           14%        N/A       99%         2
 Gell's Gravitas          Tloc           7%         N/A       100%        3
 Lesser Beckoning         Tloc           7%         N/A       100%        3
 Teleport Other           Tloc           7%         N/A       100%        3
 Manifold Assault         Tloc           7%         N/A       100%        5

Inventory:

Hand Weapons
 j - a +0 whip
 Y - a +0 hand axe (weapon)
Armour
 d - a +0 chain mail (worn)
Scrolls
 h - a scroll of identify
Potions
 g - a potion of cancellation {unknown}
 i - a potion of ambrosia {unknown}

Dungeon Overview and Level Annotations

Branches:
Dungeon (1/15)

Altars:


Message History

The air fills with toxic fumes!
As you read the scroll labelled EHESOXK BAEHER, it crumbles to dust.
It was a scroll of poison.
Done exploring.
718 ||| READING 2 scrolls labelled JUDUAM VOUSCHI.
As you read the scroll labelled JUDUAM VOUSCHI, it crumbles to dust.
It is a scroll of identify.
Really abort (and waste the scroll)?
Done exploring.
719 ||| DROPPING scroll of blinking.
You drop a scroll of blinking.
Done exploring.
(D) Dungeon
Where to? (* - list waypoints, ? - help)
What level of the Dungeon? (default 1, ? - help) Sorry, I don't know how to get there.
Done exploring.
720 ||| Stepping randomly (stuck).
Really walk into that cloud of poison gas?
You are engulfed in poison gas.
You are poisoned.
You feel very sick.
721 ||| Stepping ~*~*~tactically~*~*~ (cloud).
You feel very sick.
Things that are here:
a scroll of blinking; a +0 scale mail; a +0 leather armour
There is a lethal amount of poison in your body!
You feel very sick.
There is a lethal amount of poison in your body!
You feel sick.
There is a lethal amount of poison in your body!
You feel sick.
There is a lethal amount of poison in your body!
You feel sick.
There is a lethal amount of poison in your body!
You feel sick.
There is a lethal amount of poison in your body!
You feel sick.
There is a lethal amount of poison in your body!
You feel sick.
There is a lethal amount of poison in your body!
You die...

..).# ###.#### ?#.....## ####
.#...#..# #..# ...####.######..#
#.## #......#0.# ..#
###......¤############ ..###
#......#¤00.¤00....## #...##
##.....#@.¤¤..0.....####
###..#####)....#.0.0¤.0¤.......#
...............¤¤..0###0.......#
..##......#...000.¤##.##.......#
..>..#.......¤.#¤0¤#...#.......#
..###...####¤0¤0..0+.<.'.......#
..###...####0¤¤#0¤0#...#.......#
##................[##.##.......#
##.###.##...........###........#


There were no monsters in sight!

Vanquished Creatures
  A dart slug (D:1)
  4 endoplasms (D:1)
  A hobgoblin (D:1)
  2 kobolds (D:1)
  A quokka (D:1)
  A ball python (D:1)
  5 bats (D:1)
  5 frilled lizards (D:1)
  5 goblins (D:1)
  A rat (D:1)
26 creatures vanquished.

Notes
Turn   | Place    | Note
-------+----------+-------------------------------------------
     0 | D:1      | qw the Tengu Warper began the quest for the Orb.
     0 | D:1      | Reached XP level 1. HP: 12/12 MP: 4/4
     0 | D:1      | 0 ||| qw: Version: 0.1-a-89-g26bdef1
     0 | D:1      | 0 ||| qw: Game counter: 1912
     0 | D:1      | 0 ||| qw: Always use a shield: true
     0 | D:1      | 0 ||| qw: God list: Okawaru
     0 | D:1      | 0 ||| qw: Allow faded altars: false
     0 | D:1      | 0 ||| qw: Do Orc after D:15 true
     0 | D:1      | 0 ||| qw: Do second Lair branch before Depths: true
     0 | D:1      | 0 ||| qw: Lair rune preference: random
     0 | D:1      | 0 ||| qw: Plans: Normal
     0 | D:1      | 0 ||| PLANNING D:1-11
    50 | D:1      | 50 ||| DROPPING +2 mace of distortion.
    94 | D:1      | Reached XP level 2. HP: 14/17 MP: 6/6
   167 | D:1      | Reached skill level 3 in Axes
   275 | D:1      | 275 ||| DROPPING +0 club.
   558 | D:1      | Reached XP level 3. HP: 19/21 MP: 7/7
   705 | D:1      | 705 ||| UPGRADING to +0 chain mail.
   715 | D:1      | 715 ||| DROPPING +0 leather armour.
   716 | D:1      | 716 ||| DROPPING +0 scale mail.
   717 | D:1      | 717 ||| READING scroll labelled EHESOXK BAEHER.
   718 | D:1      | 718 ||| READING 2 scrolls labelled JUDUAM VOUSCHI.
   719 | D:1      | 719 ||| DROPPING scroll of blinking.
   720 | D:1      | 720 ||| Stepping randomly (stuck).
   721 | D:1      | 721 ||| Stepping ~*~*~tactically~*~*~ (cloud).
   724 | D:1      | HP: 4/21 [poisoned by you (poison gas)]
   728 | D:1      | HP: 1/21 [poisoned by you (poison gas)]
   729 | D:1      | Succumbed to their own poison gas

Levels and vault maps discovered:
D:1:      dpeg_arrival_shelter, layout_rooms, kennysheep_pointless_box,
          minmay_pentomino_t2

Skill      XL: |  1  2 |
---------------+-------+-----
Axes           | 3 |  3.9
Fighting       | |  2.0
Throwing       | |  1.0
Armour         | |  1.1
Dodging        | |  2.1
Spellcasting   | |  2.0
Translocations | |  2.4

Action                   || total
-------------------------++-------
Melee: Hand axe          ||    51
       Kick              ||    15
       Peck              ||     8
Throw: Boomerang         ||     7
  Use: Scroll            ||     2
Armor: Leather armour    ||    19
Dodge: Dodged            ||    24

Table legend:
 A = Non-vault XP
 B = Vault XP
 C = Vault XP percentage of total XP
 D = Non-vault monster count
 E = Vault monster count
 F = Vault count percentage of total count
                 A         B        C        D         E       F
            +---------+---------+-------+---------+---------+-------
      Total |      36 |       6 |  14.3 |      24 |       2 |   7.7
            +---------+---------+-------+---------+---------+-------
        D:1 |      36 |       6 |  14.3 |      24 |       2 |   7.7
            +---------+---------+-------+---------+---------+-------
